 Dungeon Crawl Stone Soup version 0.31.0-11-ge490571c62 (webtiles) character file.

Game seed: 9739734706388221683

128 Ashen the Sneak (level 5, 0/37 HPs)
             Began as a Gnoll Enchanter on Feb 4, 2024.
             Slain by a hobgoblin (6 damage)
             ... led by Robin
             ... on level 2 of the Dungeon.
             The game lasted 00:02:49 (1013 turns).

Ashen the Sneak (Gnoll Enchanter)                   Turns: 1013, Time: 00:02:50

Health: 0/37       AC:  2    Str:  7    XL:     5   Next: 12%
Magic:  12/12      EV: 11    Int: 14    God:
Gold:   104        SH:  0    Dex: 15    Spells: 3/14 levels left

rFire   . . .        a - +1 dagger
rCold   . . .        (no shield)
rNeg    . . .        b - +0 robe
rPois   .            (no helmet)
rElec   .            (no cloak)
rCorr   .            (no gloves)
SInv    .            (no boots)
Will    .....        (no amulet)
Stlth   +++          (no ring)
HPRegen 0.26/turn    (no ring)
MPRegen 0.13/turn

%: no passive effects
@: constricted
A: fangs 1, strong nose, distributed training
a: no special abilities


You were on level 2 of the Dungeon.
You visited 1 branch of the dungeon, and saw 2 of its levels.

You collected 104 gold pieces.

Inventory:

Hand Weapons
 a - a +1 dagger (weapon)
Armour
 b - a +0 robe (worn)
Scrolls
 d - a scroll of amnesia {unknown}
 e - a scroll of fog {unknown}
 g - 2 scrolls of identify {unknown}
Potions
 c - a potion of invisibility
 i - a potion of curing {unknown}
 j - a potion of heal wounds {unknown}
 k - a potion of ambrosia {unknown}


   Skills:
 + Level 1.4 Fighting
 + Level 2.9 Short Blades
 + Level 1.4 Long Blades
 + Level 1.4 Axes
 + Level 1.4 Maces & Flails
 + Level 1.4 Polearms
 + Level 1.4 Staves
 + Level 1.4 Ranged Weapons
 + Level 1.4 Throwing
 + Level 1.4 Armour
 + Level 4.7 Dodging
 + Level 6.1 Stealth
 + Level 1.4 Shields
 + Level 1.4 Unarmed Combat
 + Level 5.2 Spellcasting
 + Level 1.1 Conjurations
 + Level 5.5 Hexes
 + Level 1.1 Summonings
 + Level 1.1 Necromancy
 + Level 1.1 Translocations
 + Level 1.1 Fire Magic
 + Level 1.1 Ice Magic
 + Level 1.1 Air Magic
 + Level 1.1 Earth Magic
 + Level 1.1 Alchemy
 + Level 1.6 Invocations
 + Level 1.4 Evocations
 + Level 1.3 Shapeshifting


You had 3 spell levels left.
You knew the following spells:

 Your Spells              Type           Power      Damage    Failure   Level
a - Ensorcelled Hibernat  Hex/Ice        26%        N/A       7%          2
b - Confusing Touch       Hex            19%        N/A       5%          3
c - Tukima's Dance        Hex            19%        N/A       5%          3
d - Dazzling Flash        Conj/Hex       26%        N/A       13%         3

Your spell library contained the following spells:

 Spells                   Type           Power      Damage    Failure   Level
 Sting                    Conj/Alch      24%        1d4       11%         1
 Mercury Vapours          Alch/Air       12%        N/A       16%         2
 Olgreb's Toxic Radiance  Alch           6%         N/A       71%         4


Dungeon Overview and Level Annotations

Branches:
Dungeon (2/15)

Altars:

Annotations:
D:2 Robin


Innate Abilities, Weirdness & Mutations

You have very sharp teeth.
Your uncanny sense of smell can sniff out nearby items.
Your experience applies equally to all skills.


Message History

You kill the gnoll!
The ball python barely misses you. The hobgoblin closely misses you.
The goblin hits you with a +0 club. The ball python barely misses you.
You hit the hobgoblin.
The hobgoblin is heavily wounded.
The hobgoblin misses you.
You catch the helpless hobgoblin completely off-guard!
You impale the hobgoblin!!
You kill the hobgoblin!
The ball python misses you. The hobgoblin misses you.
The goblin closely misses you.
You hit the hobgoblin but do no damage. The ball python barely misses you.
The hobgoblin completely misses you. The hobgoblin misses you.
The goblin closely misses you.
You closely miss the hobgoblin. You bite the hobgoblin.
The hobgoblin is moderately wounded.
The ball python barely misses you.
A goblin comes into view. It is wielding a +0 dagger.
The goblin closely misses you. The hobgoblin misses you.
You hit the hobgoblin but do no damage.
The hobgoblin is moderately wounded.
The ball python closely misses you. The hobgoblin barely misses you.
A gnoll comes into view. It is wielding a +0 flail.
The goblin hits you with a +0 club.
* * * LOW HITPOINT WARNING * * *
The hobgoblin barely misses you. The ball python misses you.
It was a potion of brilliance.
You feel clever all of a sudden.
The hobgoblin no longer looks unusually strong.
The hobgoblin closely misses you. The ball python closely misses you.
The goblin barely misses you. The hobgoblin completely misses you.
It was a potion of cancellation.
Your magical effects are unravelling.
You feel magically purged.
You flicker back into view.
You feel a little less clever now.
The ball python bites you but does no damage.
The ball python grabs you. The ball python constricts you.
* * * LOW HITPOINT WARNING * * *
The hobgoblin hits you.
You die...

.## ##.........
..####........#.
.....†..........
..#####......... ∆
####
..###........##.##
....
.............#
..#### .....
.###.........#
#g...# .g...
##....#......#
#gggg#..g.<.
...##.#......#
#@gg.#..g...
......#......#
##Srg...g...
........#.#
#gg.#.....
.......##.#
##..........
......# #.#
#..###......
......# #.# ###.##
###### ##...##
#.####...# #..#.#
##......###
#..#.###...#####


You could see Robin, 2 gnolls, 2 hobgoblins, 6 goblins, a ball python and a rat.

Vanquished Creatures
  Natasha (thrice) (D:2)
  3 gnolls (D:2)
  A dart slug (D:1)
  An endoplasm (D:1)
  A giant cockroach (D:2)
  2 goblins (D:2)
  2 hobgoblins
  A quokka (D:1)
  4 ball pythons
  5 bats
  A frilled lizard (D:2)
  3 kobolds
27 creatures vanquished.

Notes
Turn   | Place    | Note
-------+----------+-------------------------------------------
     0 | D:1      | Ashen the Gnoll Enchanter began the quest for the Orb.
     0 | D:1      | Reached XP level 1. HP: 13/13 MP: 6/6
    65 | D:1      | Found a faded altar of an unknown god.
   162 | D:1      | Reached XP level 2. HP: 5/19 MP: 7/7
   165 | D:1      | Learned a level 2 spell: Ensorcelled Hibernation
   511 | D:2      | Noticed Natasha
   516 | D:2      | Killed Natasha
   517 | D:2      | Reached skill level 6 in Stealth
   517 | D:2      | Reached skill level 5 in Spellcasting
   517 | D:2      | Reached skill level 1 in Invocations
   517 | D:2      | Reached XP level 3. HP: 16/25 MP: 3/9
   676 | D:2      | Reached skill level 1 in Fighting
   676 | D:2      | Reached skill level 1 in Long Blades
   676 | D:2      | Reached skill level 1 in Axes
   676 | D:2      | Reached skill level 1 in Maces & Flails
   676 | D:2      | Reached skill level 1 in Polearms
   676 | D:2      | Reached skill level 1 in Staves
   676 | D:2      | Reached skill level 1 in Ranged Weapons
   676 | D:2      | Reached skill level 1 in Throwing
   676 | D:2      | Reached skill level 1 in Armour
   676 | D:2      | Reached skill level 1 in Shields
   676 | D:2      | Reached skill level 1 in Unarmed Combat
   676 | D:2      | Reached skill level 1 in Evocations
   701 | D:2      | Reached skill level 1 in Shapeshifting
   701 | D:2      | Reached XP level 4. HP: 25/32 MP: 8/11
   873 | D:2      | Noticed Natasha
   888 | D:2      | Killed Natasha
   889 | D:2      | Reached skill level 1 in Conjurations
   889 | D:2      | Reached skill level 1 in Summonings
   889 | D:2      | Reached skill level 1 in Necromancy
   889 | D:2      | Reached skill level 1 in Translocations
   889 | D:2      | Reached skill level 1 in Fire Magic
   889 | D:2      | Reached skill level 1 in Ice Magic
   889 | D:2      | Reached skill level 1 in Air Magic
   889 | D:2      | Reached skill level 1 in Earth Magic
   889 | D:2      | Reached skill level 1 in Alchemy
   900 | D:2      | Identified the +6 whip "Hewkaun" {flame, rF- Will++ Int+2}
   915 | D:2      | Noticed Natasha
   920 | D:2      | Killed Natasha
   921 | D:2      | Reached XP level 5. HP: 25/37 MP: 7/12
   925 | D:2      | Learned a level 3 spell: Confusing Touch
   929 | D:2      | Learned a level 3 spell: Tukima's Dance
   933 | D:2      | Learned a level 3 spell: Dazzling Flash
   996 | D:2      | Noticed Robin
  1013 | D:2      | Slain by a hobgoblin

Illustrated notes

Levels and vault maps discovered:
D:1:      minmay_arrival_five_plusses, layout_basic,
          ebering_ecumenical_altar_webs
D:2:      layout_rooms, nrook_mini_vaults, uniq_jessica, uniq_robin,
          uniq_natasha

Skill      XL: |  1  2  3  4 |
---------------+-------------+-----
Stealth        | 6 |  6.1
Spellcasting   | 5 |  5.2
Invocations    | 1 |  1.6
Fighting       | 1 |  1.4
Long Blades    | 1 |  1.4
Axes           | 1 |  1.4
Maces & Flails | 1 |  1.4
Polearms       | 1 |  1.4
Staves         | 1 |  1.4
Ranged Weapons | 1 |  1.4
Throwing       | 1 |  1.4
Armour         | 1 |  1.4
Shields        | 1 |  1.4
Unarmed Combat | 1 |  1.4
Evocations     | 1 |  1.4
Shapeshifting  | 1 |  1.3
Conjurations   | 1 |  1.1
Summonings     | 1 |  1.1
Necromancy     | 1 |  1.1
Translocations | 1 |  1.1
Fire Magic     | 1 |  1.1
Ice Magic      | 1 |  1.1
Air Magic      | 1 |  1.1
Earth Magic    | 1 |  1.1
Alchemy        | 1 |  1.1
Short Blades   | |  2.9
Dodging        | |  4.7
Hexes          | |  5.5

Action                     |  1- 3 |  4- 6 || total
---------------------------+-------+-------++-------
  Melee: Dagger            |    60 |    26 ||    86
         Bite              |     4 |     4 ||     8
         Punch             |     1 |       ||     1
   Cast: Ensorcelled Hiber |    11 |     8 ||    19
    Use: Potion            |       |     3 ||     3
   Stab: Sleeping          |     8 |     6 ||    14
         Distracted        |       |     1 ||     1
         Invisible         |       |     3 ||     3
 Armour: Robe              |    43 |    22 ||    65
  Dodge: Dodged            |    54 |    44 ||    98
